 Dungeon Crawl Stone Soup version 0.23-a0-169-gb21e695 (webtiles) character file.

117 grindst0ne the Archer (level 4, -3/36 HPs)
             Began as a Centaur Hunter on Sept 11, 2018.
             Killed by nerve-wracking pain
             ... invoked by Grinder
              (4 damage)
             ... while paralysed by Grinder
             ... on level 3 of the Dungeon.
             The game lasted 00:03:39 (2299 turns).

grindst0ne the Archer (Centaur Hunter)              Turns: 2299, Time: 00:03:40

Health: -3/36      AC: 12    Str: 14    XL:     4   Next: 71%
Magic:  4/4        EV:  1    Int: 10    God:
Gold:   148        SH:  0    Dex: 11    Spells: 3/3 levels left

rFire    . . .     SeeInvis .   b - +0 short sword
rCold    . . .     Gourm    +   (no shield)
rNeg     . . .     Faith    .   r - +0 scale mail
rPois    .         Spirit   .   (no helmet)
rElec    .         Reflect  .   (no cloak)
rCorr    .         Harm     .   (no gloves)
MR       .....                  (no barding)
Stlth    ..........             t - amulet of the gourmand
HPRegen  0.12/turn              g - +6 ring of protection
MPRegen  0.09/turn              (no ring)

@: paralysed, very quick
A: large, hooves 3, deformed body, speed 2, tough skin 3
a: no special abilities


You were on level 3 of the Dungeon.
You were not hungry.

You visited 1 branch of the dungeon, and saw 3 of its levels.

You collected 148 gold pieces.

Inventory:

Hand Weapons
 a - a +1 shortbow
 b - a +0 short sword (weapon)
Missiles
 d - 37 arrows
Armour
 c - a +0 leather armour
 r - a +0 scale mail (worn)
Jewellery
 g - a +6 ring of protection (left hand)
 s - an uncursed amulet of the acrobat
 t - an amulet of the gourmand (around neck)
Scrolls
 e - a scroll of amnesia {unknown}
 j - 3 scrolls of remove curse {unknown}
 l - 2 scrolls of teleportation {unknown}
 q - a scroll of identify {unknown}
Potions
 h - 2 potions of degeneration {unknown}
 i - 2 potions of resistance {unknown}
 k - 2 potions of might {unknown}
 m - a potion of berserk rage {unknown}
 n - a potion of mutation {unknown}
 o - a potion of curing {unknown}
 p - a potion of brilliance {unknown}
Comestibles
 f - 5 rations
 u - 3 chunks of flesh


   Skills:
 - Level 2.0 Fighting
 + Level 8.1 Bows
 - Level 1.3 Dodging
 - Level 0.4 Stealth


You had 3 spell levels left.
You didn't know any spells.
Your spell library was empty.

Dungeon Overview and Level Annotations

Branches:
Dungeon (3/15)

Altars:
Yredelemnul

Annotations:
D:3 Grinder


Innate Abilities, Weirdness & Mutations

You have hooves in place of feet.
Armour fits poorly on your strangely shaped body.
You cover ground very quickly.
You have extremely tough skin. (AC +3)


Message History

You shoot an arrow. The arrow hits Grinder.
Grinder is heavily wounded.
Grinder gestures at you. Pain shoots through your body!
* * * LOW HITPOINT WARNING * * *
Firing (i - inventory)
d - 38 arrows (quivered)
Press: ? - help, Shift-Dir - straight line, f/p - Grinder
Aim: Grinder (heavily wounded)
You shoot an arrow. The arrow hits Grinder.
Grinder is severely wounded.
b - a +0 short sword (weapon)
Grinder gestures at you.
You suddenly lose the ability to move!
Grinder hits you.
* * * LOW HITPOINT WARNING * * *
You writhe in agony.
* * * LOW HITPOINT WARNING * * *
Grinder gestures at you. Pain shoots through your body!
You die...

###.##
#.#
#.(##
#.#
##.(#
#.#
##(#
#.#
#(#
#.#
#(#
#.#
#(#
#.#
+5#
+@#
###


You could see Grinder.

Vanquished Creatures
  6 adders
  A worm (D:2)
  4 dart slugs
  4 leopard geckos
  2 bats
  3 giant cockroaches
  6 goblins
  4 hobgoblins
  2 jackals (D:3)
  A frilled lizard (D:1)
  12 kobolds
  5 rats
  A plant (D:1)
51 creatures vanquished.

Vanquished Creatures (others)
  An adder (D:3)
  A giant cockroach (D:3)
  A quokka (D:3)
3 creatures vanquished.

Grand Total: 54 creatures vanquished

Notes
Turn   | Place    | Note
-------+----------+-------------------------------------------
     0 | D:1      | grindst0ne the Centaur Hunter began the quest for the Orb.
     0 | D:1      | Reached XP level 1. HP: 17/17 MP: 1/1
   279 | D:1      | Reached XP level 2. HP: 24/24 MP: 2/2
   299 | D:1      | Reached skill level 6 in Bows
   718 | D:1      | Reached XP level 3. HP: 25/29 MP: 3/3
  1262 | D:2      | Reached skill level 7 in Bows
  1467 | D:2      | Reached XP level 4. HP: 35/36 MP: 4/4
  1845 | D:3      | Found a basalt altar of Yredelemnul.
  1892 | D:3      | Reached skill level 8 in Bows
  2234 | D:3      | Noticed Grinder
  2249 | D:3      | Paralysed by Grinder for 6 turns
  2297 | D:3      | Paralysed by Grinder for 3 turns
  2298 | D:3      | HP: 1/36 [Grinder (3)]
  2299 | D:3      | Killed from afar by Grinder

Vault maps used:
D:1:      nzn_arrival_settlement, lexackson_kobold_supper
D:3:      kennysheep_big_flooded_room, yredelemnul_altar_generic, first_ration,
          elyvilon_altar_4, uniq_grinder

Skill      XL: |  1  2  3  4 |
---------------+-------------+-----
Bows           | 6 7 8 |  8.1
Fighting       | |  2.0
Dodging        | |  1.3
Stealth        | |  0.4

Action                   |  1- 3 |  4- 6 || total
-------------------------+-------+-------++-------
Melee: Short sword       |   121 |    45 ||   166
       Kick              |    21 |     8 ||    29
 Fire: Shortbow          |     1 |    19 ||    20
  Eat: Chunk             |     1 |     2 ||     3
Armor: Leather armour    |    35 |       ||    35
       Scale mail        |       |    30 ||    30
Dodge: Dodged            |    58 |    12 ||    70

Table legend:
 A = Non-vault XP
 B = Vault XP
 C = Vault XP percentage of total XP
 D = Non-vault monster count
 E = Vault monster count
 F = Vault count percentage of total count
                 A         B        C        D         E       F
            +---------+---------+-------+---------+---------+-------
      Total |     157 |      11 |   6.5 |      42 |       8 |  16.0
            +---------+---------+-------+---------+---------+-------
        D:1 |      40 |      11 |  21.6 |      21 |       8 |  27.6
        D:2 |      77 |       0 |   0.0 |      12 |       0 |   0.0
        D:3 |      40 |       0 |   0.0 |       9 |       0 |   0.0
            +---------+---------+-------+---------+---------+-------
